Map: Ascension to Aiur LE

Players

Neeb

  • Race: Protoss Protoss
  • League: Master
  • Spawn Location: 11:00

Scarlett - Winner!

  • Race: Zerg Zerg
  • League: Master
  • Spawn Location: 5:00

VOD

Have the link to the VOD?

Description

Time

  • Played on: Dec. 24, 2017, 9:21 p.m.
  • Length: 24:51
Show
View Real Time Build Order
Export as new Build Order

Neeb Protoss 

Build Orders: 1 Gate Expand, Oracle Opening, Phoenix Opening, Archon Immortal, Zealot Archon, Archon Drop 

Get SALT Encoding   

  12  0:00  Probe  
  13  0:13  Probe  
  14  0:18  Pylon  
  14  0:25  Probe (Chrono Boost)  
  15  0:37  Probe (Chrono Boost)  
  15  0:39  Gateway  
  16  0:45  Probe (Chrono Boost)  
  16  0:47  Assimilator  
  17  0:51  Probe  
  18  1:03  Probe  
  19  1:15  Probe  
  20  1:23  Nexus  
  20  1:34  Cybernetics Core  
  20  1:37  Probe  
  21  1:42  Assimilator  
  21  1:49  Probe  
  21  1:52  Pylon  
  22  2:02  Probe (Chrono Boost)  
  23  2:08  Adept (Chrono Boost)  
  23  2:14  Probe (Chrono Boost)  
  26  2:20  Probe (Chrono Boost)  
  26  2:21  Stargate  
  27  2:27  Adept  
  27  2:28  Probe  
  30  2:35  Probe (Chrono Boost)  
  31  2:37  Pylon  
  31  2:44  Probe (Chrono Boost)  
  32  2:45  Warp Gate  
  32  2:47  Probe (Chrono Boost)  
  33  2:54  Adept  
  33  2:55  Probe (Chrono Boost)  
  33  2:56  Probe (Chrono Boost)  
  37  3:01  Probe  
  37  3:04  Oracle (Chrono Boost), Probe  
  39  3:10  Pylon  
  42  3:13  Probe  
  42  3:16  Probe  
  44  3:26  Probe  
  45  3:27  Gateway  
  45  3:28  Probe  
  46  3:34  Phoenix (Chrono Boost)  
  46  3:38  Probe  
  46  3:39  Gateway  
  49  3:43  Probe  
  49  3:44  Pylon  
  50  3:50  Probe  
  50  3:51  Assimilator  
  51  3:56  Assimilator, Probe  
  51  4:02  Probe  
  53  4:08  Robotics Facility, Probe  
  54  4:12  Twilight Council  
  54  4:14  Probe  
  55  4:20  Probe  
  55  4:21  Pylon  
  56  4:26  Probe  
  56  4:27  Gateway  
  57  4:32  Probe  
  58  4:38  Probe  
  58  4:44  Probe  
  60  4:47  Adept x2  
  60  4:49  Adept  
  67  4:54  Nexus  
  67  4:56  Pylon, Warp Prism (Chrono Boost)  
  68  5:04  Templar Archives  
  68  5:06  Probe x2  
  70  5:18  Probe x2  
  72  5:30  Gateway  
  72  5:31  Charge (Chrono Boost)  
  72  5:33  Gateway  
  66  5:36  Gateway  
  66  5:37  Gateway  
  66  5:46  Nexus  
  66  5:47  High Templar x3  
  66  5:48  High Templar  
  74  5:50  Pylon  
  74  5:51  Archon  
  74  5:52  Archon  
  74  5:55  Probe x2  
  76  5:58  Pylon  
  76  6:10  Observer  
  78  6:11  Pylon, Probe x2  
  79  6:23  Probe x2  
  81  6:28  Sentry x3  
  81  6:31  Sentry  
  89  6:35  Probe x2  
  91  6:40  Pylon x2  
  91  6:47  Zealot x4, Probe x2  
  91  6:54  Pylon  
  101  6:59  Forge x2  
  104  7:03  Zealot x4  
  104  7:05  Pylon  
  109  7:11  Zealot x2, High Templar x2  
  109  7:13  Assimilator, Probe x2  
  109  7:14  Assimilator, Probe  
  120  7:22  Archon  
  120  7:25  Probe  
  120  7:26  Zealot x4  
  120  7:27  Probe x2  
  120  7:29  Protoss Ground Weapons Level 1 (Chrono Boost), Protoss Ground Armor Level 1 (Chrono Boost)  
  131  7:33  Shield Battery  
  131  7:52  Zealot x8  
  131  7:58  Probe x2  
  147  8:02  Probe  
  135  8:08  Photon Cannon  
  135  8:10  Probe  
  132  8:19  Probe x2  
  132  8:21  High Templar x3  
  132  8:22  High Templar x2  
  132  8:23  High Templar  
  132  8:25  Immortal (Chrono Boost), Photon Cannon  
  142  8:28  Photon Cannon  
  142  8:34  Pylon  
  138  8:44  Nexus  
  138  8:45  Robotics Facility  
  136  8:52  Immortal (Chrono Boost)  
  136  8:54  Archon  
  136  8:55  Archon x2, High Templar x2  
  140  8:56  Zealot x5  
  140  9:00  Archon  
  154  9:05  Oracle  
  154  9:09  Photon Cannon  
  157  9:10  Shield Battery  
  157  9:12  Pylon  
  157  9:14  Pylon  
  157  9:15  Protoss Ground Armor Level 2 (Chrono Boost)  
  157  9:17  Protoss Ground Weapons Level 2 (Chrono Boost)  
  157  9:31  Immortal  
  159  9:33  Pylon  
  159  9:37  Photon Cannon  
  157  9:40  Photon Cannon  
  157  9:47  Immortal  
  161  10:00  Assimilator  
  161  10:02  Immortal  
  161  10:04  Assimilator  
  161  10:05  Zealot x4  
  171  10:26  Immortal  
  171  10:28  Shield Battery  
  175  10:31  Pylon  
  175  10:32  Zealot x7  
  189  10:39  Immortal  
  193  11:00  Nexus  
  193  11:02  Pylon  
  193  11:05  Immortal (Chrono Boost)  
  183  11:16  Zealot x7  
  183  11:17  Immortal (Chrono Boost)  
  197  11:35  Immortal (Chrono Boost)  
  175  11:45  Psionic Storm, Probe x2  
  175  11:46  Probe x2  
  159  11:48  Immortal  
  159  11:49  Fleet Beacon  
  159  11:50  Protoss Ground Weapons Level 3 (Chrono Boost)  
  159  11:52  Stargate  
  159  11:54  High Templar x4  
  150  11:55  Stargate  
  150  11:57  Probe  
  150  11:59  Protoss Ground Armor Level 3 (Chrono Boost)  
  155  12:03  Assimilator  
  155  12:07  Assimilator  
  153  12:09  Pylon  
  153  12:21  High Templar x2  
  153  12:22  High Templar x2  
  157  12:26  Archon  
  157  12:27  Archon  
  157  12:30  Zealot x4  
  157  12:33  Observer  
  160  12:40  Probe x3  
  160  12:41  Probe  
  150  12:52  Probe x2  
  150  12:54  Zealot x6  
  150  12:55  Probe  
  158  13:01  Pylon  
  158  13:02  Pylon  
  138  13:09  Probe  
  138  13:12  Observer  
  123  13:13  Immortal  
  123  13:15  Zealot x6  
  137  13:26  Gateway  
  120  13:27  Gateway  
  120  13:29  Gateway  
  120  13:30  Archon  
  106  13:34  Archon  
  106  13:38  Zealot x5, Gateway  
  108  13:52  Immortal  
  110  13:59  Nexus  
  108  14:03  High Templar  
  108  14:04  High Templar x5  
  120  14:13  Pylon  
  120  14:25  Immortal  
  120  14:28  Zealot x3  
  120  14:31  Photon Cannon  
  131  14:39  High Templar x6  
  131  14:43  Archon x2  
  142  14:46  Archon  
  142  14:54  Zealot x4  
  146  15:12  Zealot x3  
  146  15:13  High Templar x2  
  156  15:14  High Templar x2  
  156  15:15  High Templar x2  
  156  15:16  Observer  
  156  15:17  Archon  
  159  15:22  High Templar  
  159  15:24  Probe x4  
  161  15:36  Probe x3  
  161  15:38  Probe  
  165  15:48  Probe x2  
  168  15:52  High Templar  
  168  15:53  High Templar  
  173  16:00  High Templar x2  
  173  16:03  Archon  
  175  16:06  Archon  
  175  16:10  Blink (Chrono Boost)  
  169  16:25  Archon  
  169  16:31  Zealot x4  
  169  16:32  Zealot x6  
  145  17:07  Observer  
  139  17:08  Archon  
  139  17:13  Immortal  
  119  17:16  Mothership (Chrono Boost)  
  119  17:19  Zealot x10  
  117  17:27  Probe (Chrono Boost)  
  117  17:29  Probe (Chrono Boost)  
  112  17:32  Probe (Chrono Boost)  
  112  17:39  High Templar x5  
  112  17:41  Zealot x3  
  112  17:42  Nexus, Zealot  
  112  17:43  Zealot  
  140  17:47  Immortal (Chrono Boost)  
  140  17:49  Cybernetics Core, Immortal (Chrono Boost)  
  148  18:08  Zealot x3, High Templar x2  
  148  18:11  Photon Cannon  
  148  18:12  Archon  
  158  18:15  Pylon  
  158  18:17  Immortal (Chrono Boost)  
  162  18:24  Immortal (Chrono Boost)  
  166  18:38  Assimilator  
  166  18:40  Probe x3  
  169  18:43  Photon Cannon, Assimilator  
  167  18:52  Probe  
  168  18:56  Nexus  
  168  18:57  Carrier (Chrono Boost)  
  170  19:05  Carrier (Chrono Boost)  
  170  19:15  Photon Cannon  
  170  19:17  Protoss Air Weapons Level 1 (Chrono Boost)  
  170  19:22  Stargate  
  170  19:26  Shield Battery  
  170  19:27  Photon Cannon  
  170  19:28  High Templar x2  
  170  19:29  Pylon  
  172  19:32  Archon  
  172  19:36  Zealot x3  
  176  19:52  Photon Cannon  
  172  20:10  Stalker x6  
  172  20:12  Tempest (Chrono Boost)  
  184  20:16  Stalker x2  
  194  20:21  Tempest (Chrono Boost)  
  189  20:43  Stalker x5  
  169  20:59  Zealot x3  
  169  21:00  Zealot x2  
  170  21:11  High Templar x2  
  170  21:12  High Templar x3  
  162  21:19  Archon x2  
  162  21:24  Probe x2  
  155  21:27  Stalker x5  
  165  21:39  Nexus  
  153  21:52  Stalker x4  
  130  22:19  High Templar x3  
  130  22:20  Probe x3  
  129  22:24  Probe  
  129  22:25  Assimilator  
  129  22:26  Probe  
  131  22:32  Observer  
  131  22:34  Probe x2  
  131  22:36  Zealot x3  
  139  22:49  Zealot x2, High Templar x2  
  140  22:56  Archon  
  140  22:57  Stalker x3  
  145  22:59  Zealot x2  
  99  23:24  Stalker x4  
  99  23:26  Archon  
  66  23:41  Stalker x2  
  70  23:51  High Templar x2  
  70  23:54  Zealot  
  70  23:55  Archon  
  76  24:09  Zealot x2  
Show
View Real Time Build Order
Export as new Build Order

Scarlett Zerg - Winner!

Build Orders: Hatch First, Lurkers 

Get SALT Encoding   

  12  0:01  Drone  
  13  0:13  Overlord  
  13  0:17  Drone  
  14  0:32  Drone x2  
  14  0:35  Drone  
  17  0:52  Hatchery  
  17  0:55  Drone  
  17  0:58  Drone  
  18  1:10  Extractor  
  17  1:14  Spawning Pool  
  17  1:17  Drone  
  17  1:20  Drone  
  18  1:35  Drone  
  19  1:40  Drone  
  20  1:51  Drone  
  21  2:01  Zergling x2  
  21  2:03  Queen x2  
  21  2:04  Overlord  
  26  2:10  Metabolic Boost  
  26  2:13  Drone  
  27  2:16  Drone  
  29  2:22  Drone  
  29  2:29  Drone  
  30  2:41  Drone x2  
  32  2:48  Hatchery  
  32  2:49  Zergling x2  
  32  2:50  Queen  
  34  2:52  Overlord  
  34  2:58  Drone  
  35  3:05  Zergling x2  
  36  3:12  Drone x3  
  39  3:13  Drone x2  
  41  3:20  Zergling x2  
  41  3:21  Overlord  
  42  3:30  Lair, Queen  
  44  3:41  Extractor, Drone x4  
  46  3:42  Extractor  
  46  3:44  Drone x3  
  49  3:49  Drone x2  
  49  3:50  Drone  
  49  3:53  Extractor  
  51  3:56  Spore Crawler  
  51  3:58  Drone x2  
  52  4:07  Spore Crawler  
  52  4:08  Overlord  
  51  4:10  Drone x2  
  51  4:14  Overlord  
  51  4:16  Drone x2  
  55  4:19  Drone  
  55  4:20  Drone  
  55  4:22  Drone  
  58  4:31  Hydralisk Den  
  57  4:37  Drone  
  57  4:38  Drone x5  
  63  4:50  Overlord, Drone x2  
  63  4:51  Drone  
  66  5:00  Overlord  
  66  5:01  Hydralisk, Muscular Augments  
  66  5:02  Hydralisk  
  66  5:03  Hydralisk  
  66  5:05  Zergling x2  
  66  5:06  Zergling x2  
  74  5:11  Hydralisk x2  
  78  5:28  Drone x6  
  76  5:29  Drone x5  
  76  5:32  Spore Crawler  
  76  5:34  Drone x4  
  86  5:39  Evolution Chamber  
  86  5:41  Lurker Den  
  84  5:51  Drone x2  
  84  5:52  Drone x2  
  84  5:53  Extractor  
  84  5:54  Extractor  
  86  6:05  Drone x3  
  86  6:06  Hatchery  
  86  6:09  Overlord  
  86  6:10  Overlord x3  
  86  6:11  Overlord x2  
  88  6:14  Zerg Missile Weapons Level 1  
  88  6:23  Hydralisk  
  88  6:33  Hydralisk x5  
  97  6:48  Drone x3  
  97  6:51  Pneumatized Carapace  
  97  6:54  Overseer  
  100  6:55  Overseer  
  100  6:56  Drone x2, Queen  
  100  6:57  Hydralisk x3  
  110  7:09  Hydralisk  
  110  7:10  Hydralisk x5  
  110  7:14  Zergling x2  
  110  7:15  Overlord, Zergling x2  
  124  7:31  Hydralisk x6  
  124  7:33  Overlord x2  
  136  7:43  Lurker x3  
  138  7:45  Hydralisk x3  
  144  7:56  Overlord x4  
  142  8:04  Hydralisk x8  
  136  8:08  Hydralisk  
  136  8:09  Zergling x2  
  129  8:13  Hydralisk  
  129  8:17  Hydralisk x3  
  137  8:26  Hydralisk x2  
  141  8:28  Zerg Missile Weapons Level 2  
  141  8:30  Hydralisk  
  141  8:31  Zergling x2  
  141  8:33  Overlord  
  142  8:37  Lurker  
  142  8:40  Overlord x3  
  143  8:48  Queen  
  143  8:54  Drone  
  143  8:55  Drone x8  
  154  8:59  Extractor, Spore Crawler  
  152  9:09  Extractor  
  151  9:11  Infestation Pit, Hydralisk  
  151  9:12  Spine Crawler, Hydralisk x5  
  151  9:14  Zergling x2  
  162  9:19  Lurker  
  162  9:20  Lurker x2  
  162  9:21  Zergling x8  
  168  9:25  Zergling x8  
  171  9:49  Hive  
  171  9:50  Hydralisk  
  171  9:51  Hydralisk x8  
  189  9:54  Overseer  
  189  9:58  Hatchery  
  187  10:21  Hydralisk x2  
  187  10:22  Hydralisk x3  
  197  10:44  Lurker  
  197  10:45  Lurker  
  191  11:11  Lurker x9  
  197  11:17  Spine Crawler  
  195  11:19  Spine Crawler  
  195  11:21  Spine Crawler x3  
  195  11:23  Spine Crawler  
  189  11:29  Queen  
  165  11:41  Hydralisk x8  
  165  11:42  Hydralisk  
  165  11:46  Adaptive Talons  
  179  11:47  Zerg Missile Weapons Level 3  
  179  11:50  Evolution Chamber  
  179  11:52  Spire  
  173  11:56  Spine Crawler  
  172  12:05  Hydralisk  
  172  12:06  Hydralisk x11  
  176  12:24  Hydralisk  
  176  12:25  Hydralisk x6  
  176  12:29  Overlord x2  
  190  12:43  Overlord x2  
  187  12:49  Hydralisk  
  187  12:50  Zergling x2  
  187  12:51  Zergling x14  
  169  13:02  Hydralisk  
  169  13:03  Hydralisk x3, Zergling x2  
  169  13:04  Zergling x2  
  157  13:08  Greater Spire  
  157  13:09  Hydralisk x3  
  159  13:15  Hydralisk x3  
  159  13:16  Hydralisk  
  159  13:17  Hydralisk x2  
  159  13:24  Lurker x4  
  135  13:35  Hydralisk  
  135  13:36  Hydralisk x3, Zergling x6  
  135  13:37  Zergling x6  
  114  13:43  Hydralisk  
  114  13:44  Hydralisk x3  
  116  13:53  Hydralisk x5  
  126  13:59  Hydralisk  
  128  14:03  Hydralisk  
  128  14:05  Hydralisk x3  
  128  14:07  Hydralisk  
  138  14:17  Overseer  
  138  14:19  Lurker  
  138  14:20  Lurker x3  
  142  14:24  Extractor, Drone x3  
  142  14:25  Extractor, Drone x3  
  142  14:26  Zerg Melee Weapons Level 1  
  142  14:29  Hydralisk x3  
  142  14:30  Zergling x2  
  153  14:36  Hydralisk x3  
  153  14:37  Zergling x2  
  153  14:38  Zergling x4  
  161  14:57  Adrenal Glands  
  161  14:59  Hydralisk x4  
  163  15:00  Hydralisk  
  163  15:01  Hydralisk x2, Zergling x2  
  163  15:02  Zergling x12  
  180  15:11  Lurker x2  
  168  15:34  Zerg Ground Armor Level 1  
  168  15:50  Hatchery  
  168  15:53  Zergling x30  
  182  16:05  Lurker x3  
  182  16:06  Lurker x4  
  182  16:08  Viper  
  182  16:09  Viper x2  
  158  17:06  Hydralisk x7  
  158  17:07  Zergling x12  
  132  17:16  Hydralisk  
  132  17:17  Hydralisk  
  112  17:25  Hydralisk x4  
  120  17:34  Extractor  
  120  17:35  Extractor, Drone x3  
  121  17:42  Zerg Melee Weapons Level 2  
  121  17:44  Corruptor  
  121  17:45  Corruptor x7  
  137  17:52  Hatchery  
  137  17:55  Lurker  
  137  17:56  Lurker x4  
  141  18:00  Baneling Nest  
  141  18:01  Spore Crawler  
  139  18:11  Hydralisk x8  
  155  18:13  Spine Crawler  
  154  18:26  Brood Lord  
  156  18:32  Spine Crawler, Drone  
  156  18:33  Drone x7  
  163  18:35  Spine Crawler  
  163  18:37  Overseer  
  162  18:42  Extractor  
  162  18:43  Brood Lord  
  162  18:45  Extractor  
  161  18:50  Brood Lord x2  
  161  18:56  Spine Crawler, Drone x2  
  161  18:57  Drone  
  161  18:58  Drone  
  161  19:00  Drone  
  164  19:03  Drone  
  164  19:04  Drone  
  164  19:05  Drone  
  164  19:06  Drone  
  164  19:08  Drone  
  168  19:10  Drone  
  168  19:11  Drone  
  169  19:18  Brood Lord, Zerg Flyer Weapons Level 1  
  171  19:29  Brood Lord x2  
  175  19:33  Brood Lord  
  176  19:38  Zergling x2  
  176  19:39  Zergling x14  
  184  19:46  Overlord x2  
  184  19:48  Corruptor  
  186  19:53  Overseer x2  
  186  19:55  Spine Crawler  
  179  20:16  Overlord x2  
  179  20:17  Overseer x2  
  179  20:26  Corruptor x8  
  170  20:59  Corruptor x7  
  180  21:16  Hydralisk x8  
  175  21:42  Hydralisk x8  
  175  21:43  Zergling x18  
  180  21:49  Hydralisk  
  180  21:53  Hydralisk  
  175  21:55  Hydralisk x3  
  174  22:04  Hydralisk  
  174  22:05  Hydralisk x2  
  158  22:12  Hydralisk  
  152  22:31  Zergling x2  
  152  22:32  Zergling x18  
  152  22:33  Hatchery  
  161  22:38  Lurker Den  
  156  22:49  Hydralisk x5  
  164  23:03  Hydralisk x4  
  140  23:16  Hydralisk x4  
  91  23:43  Drone x4  
  91  23:44  Drone x3  
  90  23:57  Overseer x2  
  84  24:04  Hydralisk  
  84  24:05  Hydralisk x11  
  84  24:08  Hydralisk  
  108  24:10  Hydralisk  
  110  24:22  Hydralisk x4  
Tags
 
Add a new tag
Caveats
  • Supply blocks, unpowered buildings, or Contaminate may cause inaccurate times.
  • Supply counts are checked every 10 seconds.